 Dungeon Crawl Stone Soup version 0.23.2-33-g5129a83184 (webtiles) character file.

Game seed: 788825111319236489

184 DildoBatman the Conjurer (level 5, -4/35 HPs)
             Began as a Formicid Wizard on July 9, 2019.
             Slain by a bullfrog skeleton (6 damage)
             ... on level 6 of the Dungeon.
             The game lasted 00:09:58 (4424 turns).

DildoBatman the Conjurer (Formicid Wizard)          Turns: 4424, Time: 00:09:58

Health: -4/35      AC:  2    Str: 11    XL:     5   Next: 96%
Magic:  4/9        EV: 12    Int: 22    God:
Gold:   151        SH:  0    Dex:  9    Spells: 3/10 levels left

rFire    . . .     SeeInvis +   b - +0 dagger
rCold    . . .     Gourm    .   (no shield)
rNeg     . . .     Faith    .   a - +0 robe
rPois    .         Spirit   .   (helmet unavailable)
rElec    .         Reflect  .   (no cloak)
rCorr    .         Harm     .   (no gloves)
MR       .....                  (no boots)
Stlth    ++........             (no amulet)
HPRegen  0.11/turn              m - -2 ring of intelligence (curse)
MPRegen  0.11/turn              (no ring)

@: brilliant
A: permanent stasis, dig shafts and tunnels, four strong arms, antennae 3
a: Dig, Shaft Self


You were on level 6 of the Dungeon.
You were near starving.

You visited 1 branch of the dungeon, and saw 5 of its levels.

You collected 151 gold pieces.

Inventory:

Hand Weapons
 b - a +0 dagger (weapon)
Missiles
 d - 151 stones (quivered)
 h - 26 bolts
 p - 2 arrows
Armour
 a - a +0 robe (worn)
Jewellery
 m - a cursed -2 ring of intelligence (left hand)
Wands
 q - a wand of polymorph (6)
Scrolls
 c - a scroll of remove curse {unknown}
 e - 3 scrolls of teleportation {unknown}
 f - 4 scrolls of identify {unknown}
 g - a scroll of fog {unknown}
 i - a scroll of enchant weapon {unknown}
 n - 2 scrolls of amnesia {unknown}
 o - a scroll of immolation {unknown}
Potions
 j - a potion of brilliance
 k - a potion of might {unknown}
 l - a potion of experience {unknown}
Comestibles
 v - 8 rations


   Skills:
 - Level 1.7 Dodging
 - Level 2.4 Stealth
 - Level 3.2 Spellcasting
 * Level 4.9 Conjurations
   Level 1.0 Summonings
   Level 0.8 Translocations


You had 3 spell levels left.
You knew the following spells:

 Your Spells              Type           Power        Failure   Level  Hunger
a - Conjure Flame         Conj/Fire      ####....     1%          3    ###....
c - Magic Dart            Conj           ####         1%          1    None
e - Mephitic Cloud        Conj/Pois/Air  ###.....     2%          3    ###....

Your spell library contained the following spells:

 Spells                   Type           Power        Failure   Level  Hunger
 Call Imp                 Summ           ###.....     1%          2    ##.....
 Slow                     Hex            ###.....     2%          2    ##.....
 Blink                    Tloc           Unusable     N/A         2    N/A

Dungeon Overview and Level Annotations

Branches:
Dungeon (4/15)
 Temple: D:4-7

Altars:
Xom

Shops:
D:6 ?

Annotations:
D:3 Natasha
D:4 exclusion: orc


Innate Abilities, Weirdness & Mutations

You cannot be hasted, slowed, berserked, paralysed or teleported.
You can dig through walls and to a lower floor.
Your four strong arms can wield two-handed weapons with a shield.
You have a pair of large antennae on your head. (SInv)


Message History

The iguana is engulfed in noxious fumes.
The iguana appears confused.
The bullfrog skeleton closely misses you.
The hound is engulfed in noxious fumes.
The hound appears confused.
Something bites the hound!
The hound is engulfed in noxious fumes.
The hound appears confused.
The bullfrog skeleton hits you!
You feel clever all of a sudden. The bullfrog skeleton misses you.
Casting: Mephitic Cloud (safe; 2% risk of failure)
Confirm with . or Enter, or press ? or * to list all spells.
Aiming: Magic Dart (safe; 1% risk of failure)
Press: ? - help, Shift-Dir - straight line, f - bullfrog skeleton
Aim: a bullfrog skeleton The magic dart hits the bullfrog skeleton.
The bullfrog skeleton is lightly damaged.
The bullfrog skeleton hits you.
You die...

.. #. #. .# .. ..#
#. ..# #. ###..####
#.#.####.#......
#...@Z......8...
#.#.##.......##. #
#.####..8.∩.8.
#.#.# #.....### {
####.#.####....8##
{
#........{{h.......
{
#.##.#.#..{.....###
{ #.##.#.#..#.....#
#.##.#....#.....#


You could see a bullfrog skeleton.

Vanquished Creatures
  A scorpion (D:4)
  A hound (D:3)
  3 adders
  An ooze (D:2)
  An adder skeleton (D:4)
  3 worms
  A dart slug (D:2)
  3 leopard geckos
  2 orcs
  4 giant cockroaches
  6 goblins
  4 hobgoblins
  3 jackals (D:2)
  A quokka (D:3)
  6 bats
  8 frilled lizards
  7 kobolds
  4 rats
59 creatures vanquished.

Notes
Turn   | Place    | Note
-------+----------+-------------------------------------------
     0 | D:1      | DildoBatman the Formicid Wizard began the quest for the
                  | Orb.
     0 | D:1      | Reached XP level 1. HP: 13/13 MP: 4/4
    54 | D:1      | Reached skill level 1 in Conjurations
   246 | D:1      | Reached XP level 2. HP: 19/19 MP: 3/6
   404 | D:1      | Found a shimmering altar of Xom.
   406 | D:1      | Found a radiant altar of Vehumet.
   406 | D:1      | Found a glowing golden altar of the Shining One.
   408 | D:1      | Found a hazy altar of Hepliaklqana.
   408 | D:1      | Found a snail-covered altar of Cheibriados.
   408 | D:1      | Found an ancient bone altar of Kikubaaqudgha.
   732 | D:2      | Reached skill level 2 in Conjurations
   880 | D:2      | Reached XP level 3. HP: 19/24 MP: 5/7
   885 | D:2      | Learned a level 3 spell: Conjure Flame
   889 | D:2      | Learned a level 3 spell: Mephitic Cloud
  1286 | D:2      | Reached skill level 3 in Conjurations
  1755 | D:2      | Reached XP level 4. HP: 30/30 MP: 5/8
  2428 | D:3      | Noticed a centaur
  2745 | D:3      | Noticed Natasha
  3140 | D:4      | Reached skill level 4 in Conjurations
  3140 | D:4      | Reached XP level 5. HP: 18/35 MP: 1/9
  3468 | D:4      | Noticed a phantom
  4390 | D:4      | You fall through a shaft for 2 floors!
  4412 | D:6      | Found Baopekk's Magic Scroll Shoppe.
  4424 | D:6      | Slain by a bullfrog skeleton

Skill      XL: |  1  2  3  4 |
---------------+-------------+-----
Conjurations   | 1 2 3 4 |  4.9
Dodging        | |  1.7
Stealth        | |  2.4
Spellcasting   | |  3.2
Summonings     | |  1.0
Translocations | |  0.8

Action                   |  1- 3 |  4- 6 || total
-------------------------+-------+-------++-------
Melee: Dagger            |    27 |    20 ||    47
       Unarmed           |     1 |       ||     1
Throw: Stone             |       |     2 ||     2
 Cast: Magic Dart        |    77 |   104 ||   181
       Conjure Flame     |     1 |       ||     1
       Mephitic Cloud    |       |    10 ||    10
 Abil: Dig               |     1 |     4 ||     5
  Use: Potion            |       |     6 ||     6
 Stab: Sleeping          |     1 |     1 ||     2
       Confused          |       |     1 ||     1
  Eat: Chunk             |     3 |     8 ||    11
Armor: Robe              |     7 |     4 ||    11
Dodge: Dodged            |    38 |    35 ||    73
